AoeStats
← Simón Bolivar

Four Lakes

508774577Analyzed
1v1 RM · 10d ago on Sep 24, 2026· 65m 40s· 2 players
Game mode
Random Map
Map size
Tiny (2 player)
Population
200
Speed
Normal
Resources
Standard
Victory
Conquest
Starting age
Dark Age
Ending age
Imperial Age
RankedLock teamsTeams togetherTeam positionsShared explorationLock speedFull tech treeHidden civsTurbo modeCheats
Victory
Defeat
🇦🇷 Japanese · Argentina
383
+17
🇨🇴 Franks · Colombia
407
-17
Simón Bolivar
12:59 Feudal Age
11:30 Loom
17:44 Wheelbarrow
16:55 Town Watch
20:10 Bloodlines
25:35 Scale Mail Armor
25:40 Scale Barding Armor
25:46 Forging
28:49 Castle Age
29:36 Pikeman
29:37 Man-at-Arms
30:03 Gambesons
38:53 Imperial Age
40:18 Hand Cart
40:05 Town Patrol
40:32 Double-Bit Axe
40:42 Halberdier
45:40 Chain Mail Armor
45:45 Chain Barding Armor
46:01 Iron Casting
47:58 Capped Ram
48:04 Elite Samurai
Willy River4
1:40 Loom
13:11 Feudal Age
17:37 Double-Bit Axe
18:07 Forging
20:25 Gold Mining
20:25 Stone Mining
25:20 Castle Age
24:30 Scale Barding Armor
27:15 Bow Saw
27:44 Gold Shaft Mining
32:32 Iron Casting
32:19 Chain Barding Armor
34:47 Husbandry
53:02 Imperial Age
51:11 Wheelbarrow
Connection lost

Rejoining the realm…

Still unreachable

The connection could not be restored.

Session expired

The server has moved on; the page needs a fresh start.